 Dungeon Crawl Stone Soup version 0.17-a0-755-g4391640 (webtiles) character file.

116 SosiskaBagetyon the Slasher (level 5, -5/45 HPs)
             Began as a Hill Orc Fighter on Apr 22, 2015.
             Was an Initiate of Beogh.
             Killed from afar by oplop's ghost (6 damage)
             ... with a rocky blast
             ... on level 3 of the Dungeon.
             The game lasted 00:05:20 (1943 turns).

SosiskaBagetyon the Slasher (Hill Orc Fighter)      Turns: 1943, Time: 00:05:20

Health: -5/45      AC:  8    Str: 19    XL:     5   Next: 1%
Magic:  5/5        EV:  7    Int:  8    God:    Beogh [......]
Gold:   179        SH:  9    Dex: 11    Spells: 0 memorised, 4 levels left

rFire  . . .     SeeInvis .     a - +0 long sword
rCold  + . .     Clarity  .     b - +0 scale mail
rNeg   + . .     SustAb   .     c - +0 shield
rPois  .         Gourm    .     (no helmet)
rElec  .         Spirit   .     (no cloak)
rCorr  .         Warding  +     o - +0 pair of gloves
rMut   .         Stasis   .     (no boots)
MR     .....                    m - amulet of warding
Stlth  ..........               (no ring)
                                v - ring of protection from cold

@: drained, not resistant to hostile enchantments, extremely unstealthy
A: no striking features
a: Renounce Religion


You were on level 3 of the Dungeon.
You worshipped Beogh.
Beogh was noncommittal.
You were not hungry.

You visited 1 branch of the dungeon, and saw 3 of its levels.

You collected 179 gold pieces.

Inventory:

Hand weapons
 a - a +0 long sword (weapon)
Armour
 b - a +0 scale mail (worn)
 c - a +0 shield (worn)
 o - a +0 pair of gloves (worn)
Jewellery
 m - an amulet of warding (around neck)
 v - a ring of protection from cold (left hand)
Magical devices
 w - a wand of cold (3)
Scrolls
 f - 2 scrolls of fear {unknown}
 h - 2 scrolls of immolation {unknown}
 i - 2 scrolls of fog {unknown}
 k - a scroll of enchant armour {unknown}
 l - a scroll of noise {unknown}
 p - 2 scrolls of teleportation {unknown}
 q - a scroll of blinking {unknown}
 t - 2 scrolls of identify {unknown}
 y - a scroll of amnesia {unknown}
Potions
 d - 2 potions of might
 g - a potion of haste {unknown}
 j - a potion of brilliance {unknown}
 n - 3 potions of curing {unknown}
 s - a potion of degeneration {unknown}
 x - a potion of magic {unknown}
Comestibles
 e - 5 bread rations
 u - a royal jelly


   Skills:
 - Level 3.6(3.2) Fighting
 + Level 5.5(5.1) Long Blades
 - Level 3.2(2.9) Armour
 - Level 3.2(2.9) Shields


You had 4 spell levels left.
You didn't know any spells.

Dungeon Overview and Level Annotations

Branches:
Dungeon (3/15)

Altars:

Annotations:
D:3 oplop's ghost, average DDEE


Message History

The bat hits you but does no damage. x2
You block oplop's ghost's attack. The bat barely misses you.
You closely miss oplop's ghost.
Oplop's ghost is severely damaged.
You block the bat's attack.
Oplop's ghost points at you and mumbles some strange words.
The rocky blast hits you! You block the bat's attack.
You closely miss oplop's ghost.
Oplop's ghost is severely damaged.
You block the bat's attack. The bat hits you.
* * * LOW HITPOINT WARNING * * *
Oplop's ghost hits you but does no damage.
Oplop's ghost hits you.
* * * LOW HITPOINT WARNING * * *
You hit oplop's ghost.
Oplop's ghost is almost destroyed.
The bat hits you but does no damage. Oplop's ghost casts a spell at you.
The rocky blast hits you!
You die...

##.....##.###.........#........
.'.....##.(##...).....#.W....$..
##.....###(##.........#..........
##.....# #..#oo..)....#..........
##.....# ##.####.#...## ........#
##.....# #.)# #.#.).# #........
##.....# ##.###÷#...####.#
##.....# #..##b#...##...#
######## ##.##@#W..##.### #
###†.#W#...##'###
########......'........#
#...o.....#.#.#...#)...#
#.........#...#####....#
#.........##..# #....#
#.........'..># #....#
#.........##### ######
#.........#


You could see oplop's ghost and a bat.

Vanquished Creatures
  7 adders
  A giant gecko (D:2)
  An orc (D:3)
  A ball python (D:3)
  A bat skeleton (D:3)
  3 goblins
  6 hobgoblins
  3 jackals (D:1)
  6 kobolds
  A quokka (D:2)
  12 bats
  2 giant newts
  8 rats
52 creatures vanquished.

Vanquished Creatures (others)
  A giant gecko (D:3)
  3 orcs (D:3)
4 creatures vanquished.

Grand Total: 56 creatures vanquished

Notes
Turn   | Place    | Note
--------------------------------------------------------------
     0 | D:1      | SosiskaBagetyon, the Hill Orc Fighter, began the quest for the Orb.
     0 | D:1      | Reached XP level 1. HP: 19/19 MP: 1/1
   128 | D:1      | Reached XP level 2. HP: 16/26 MP: 2/2
   599 | D:1      | Reached XP level 3. HP: 31/31 MP: 3/3
   728 | D:2      | Reached skill level 4 in Long Blades
   995 | D:2      | Reached XP level 4. HP: 31/39 MP: 4/4
  1560 | D:3      | Reached skill level 5 in Long Blades
  1568 | D:3      | Became a worshipper of Beogh the Brigand
  1881 | D:3      | Noticed oplop's ghost (average DDEE)
  1905 | D:3      | Reached XP level 5. HP: 31/45 MP: 5/5
  1939 | D:3      | HP: 2/45 [oplop's ghost/rocky blast (7)]
  1943 | D:3      | Killed from afar by oplop's ghost

Action                   |  1- 3 |  4- 6 || total
-------------------------+-------+-------++-------
Melee: Long sword        |   125 |   115 ||   240
Invok: Convert to Beogh  |       |     1 ||     1
  Eat: Chunk             |     1 |     3 ||     4
